 Dungeon Crawl Stone Soup version 0.27-a0-262-gc50aac273e (webtiles) character file.

Game seed: 18063682475201094589

93 Froggeryz the Cudgeller (level 4, -3/41 HPs)
             Began as a Gnoll Chaos Knight on Feb 4, 2021.
             Was a Plaything of Xom.
             Killed by nerve-wracking pain
             ... invoked by an orc priest
              (4 damage)
             ... on level 2 of the Dungeon.
             The game lasted 00:02:28 (2001 turns).

Froggeryz the Cudgeller (Gnoll Chaos Knight)        Turns: 2001, Time: 00:02:29

Health: -3/41      AC:  2    Str: 12    XL:     4   Next: 62%
Magic:  5/5        EV: 12    Int: 12    God:    Xom [...*..]
Gold:   62         SH:  0    Dex: 11    Spells: 5/5 levels left

rFire    + . .     SeeInvis .   a - +0 mace (chaos)
rCold    + . .     Faith    .   (no shield)
rNeg     . . .     Spirit   .   j - +0 robe (curse)
rPois    +         Reflect  .   (no helmet)
rElec    +         Harm     .   (no cloak)
rCorr    +         Rampage  .   (no gloves)
Will     .....                  (no boots)
Stlth    ++........             (no amulet)
HPRegen  0.13/turn              (no ring)
MPRegen  0.09/turn              (no ring)

@: resistant
A: distributed training, fangs 1, strong nose
a: Renounce Religion


You were on level 2 of the Dungeon.
You worshipped Xom.
You were a favourite toy of Xom.
You visited 1 branch of the dungeon, and saw 3 of its levels.

You collected 62 gold pieces.

Inventory:

Hand Weapons
 a - a +0 mace of chaos (weapon)
 m - a +0 flail
Armour
 b - a +2 leather armour
 j - a cursed +0 robe (worn)
Scrolls
 c - a scroll of magic mapping
 d - 2 scrolls of teleportation
Potions
 g - a potion of mutation {unknown}
 h - a potion of flight {unknown}
 k - a potion of attraction


   Skills:
 + Level 6.6 Fighting
 + Level 1.2 Short Blades
 + Level 1.2 Long Blades
 + Level 1.2 Axes
 + Level 6.6 Maces & Flails
 + Level 1.2 Polearms
 + Level 1.2 Staves
 + Level 1.2 Slings
 + Level 1.2 Bows
 + Level 1.2 Crossbows
 + Level 1.2 Throwing
 + Level 4.6 Armour
 + Level 2.8 Dodging
 + Level 1.2 Stealth
 + Level 1.2 Shields
 + Level 1.2 Unarmed Combat
 + Level 1.2 Spellcasting
 + Level 1.0 Conjurations
 + Level 1.0 Hexes
 + Level 1.0 Summonings
 + Level 1.0 Necromancy
 + Level 1.0 Translocations
 + Level 1.0 Transmutations
 + Level 1.0 Fire Magic
 + Level 1.0 Ice Magic
 + Level 1.0 Air Magic
 + Level 1.0 Earth Magic
 + Level 1.0 Poison Magic
 + Level 1.3 Invocations
 + Level 1.2 Evocations


You had 5 spell levels left.
You didn't know any spells.
Your spell library was empty.

Dungeon Overview and Level Annotations

Branches:
Dungeon (3/15)

Altars:
Dithmenos
Fedhas


Innate Abilities, Weirdness & Mutations

Your experience applies equally to all skills.
You have very sharp teeth.
Your uncanny sense of smell can sniff out nearby items.


Message History

Beogh smites you!
* * * LOW HITPOINT WARNING * * *
The orc barely misses you. The orc hits you but does no damage.
The orc barely misses you.
It was a potion of attraction.
You feel attractive to monsters.
Xom roars with laughter!
The orc priest hits you with a +0 mace!
* * * LOW HITPOINT WARNING * * *
The orc closely misses you.
It was a potion of cancellation.
Your magical effects are unravelling.
You feel magically purged.
The orc priest begins to cast a cantrip, but forgets the words!
The orc misses you.
You feel less attractive to monsters.
It was a potion of resistance.
You feel protected.
The orc priest invokes the aid of Beogh against you.
Pain shoots through your body!
You die...

###...#############.####..#
..........................#
.##...###.######.##.####.##
.########.# #.##.# #.#
..........# #.##.# ##.#
.########## #.##.# #..# .#
#.##.# #..# .# #.##.###'###
.# #######@.###.))..### .#
#....ooo##.........## .#
#.#####.#..⌠.....⌠..# .###
#.# #.#.....⌠.....# ...#
#.# #.##._.###._.## ##.#
#.# #..##### #####
.<.#######.#####..#
#.................#
...####.###########


You could see an orc priest (drained) and 2 orcs.

Vanquished Creatures
  6 adders
  2 worms (D:2)
  A dart slug (D:2)
  3 leopard geckos
  2 orcs (D:3)
  3 bats
  A giant cockroach (D:3)
  2 goblins (D:2)
  2 hobgoblins
  4 kobolds
  A quokka (D:2)
  A ball python (D:3)
  2 rats (D:3)
30 creatures vanquished.

Vanquished Creatures (others)
  A kobold (D:3)
1 creature vanquished.

Grand Total: 31 creatures vanquished

Notes
Turn   | Place    | Note
-------+----------+-------------------------------------------
     0 | D:1      | Froggeryz the Gnoll Chaos Knight began the quest for the
                  | Orb.
     0 | D:1      | Reached XP level 1. HP: 23/23 MP: 1/1
   122 | D:1      | Noticed a glowing shapeshifter
   122 | D:1      | a hobgoblin changed into a glowing shapeshifter
   122 | D:1      | Noticed a two-headed ogre
   122 | D:1      | a glowing shapeshifter changed into a two-headed ogre
   124 | D:1      | XOM: butterfly on damage
   129 | D:1      | Noticed a faun
   129 | D:1      | a two-headed ogre changed into a faun
   134 | D:1      | Noticed a cyclops
   134 | D:1      | a faun changed into a cyclops
   137 | D:2      | XOM: stealth player
   140 | D:2      | Reached XP level 2. HP: 4/29 MP: 2/2
   470 | D:2      | XOM: silly message
   478 | D:2      | Reached XP level 3. HP: 22/35 MP: 3/3
   762 | D:2      | XOM: silly message
   796 | D:2      | XOM: silly message
   838 | D:2      | XOM: silly message
   844 | D:2      | Reached skill level 1 in Invocations
  1079 | D:2      | Reached skill level 1 in Short Blades
  1079 | D:2      | Reached skill level 1 in Long Blades
  1079 | D:2      | Reached skill level 1 in Axes
  1079 | D:2      | Reached skill level 1 in Polearms
  1079 | D:2      | Reached skill level 1 in Staves
  1079 | D:2      | Reached skill level 1 in Slings
  1079 | D:2      | Reached skill level 1 in Bows
  1079 | D:2      | Reached skill level 1 in Crossbows
  1079 | D:2      | Reached skill level 1 in Throwing
  1079 | D:2      | Reached skill level 1 in Stealth
  1079 | D:2      | Reached skill level 1 in Shields
  1079 | D:2      | Reached skill level 1 in Unarmed Combat
  1079 | D:2      | Reached skill level 1 in Spellcasting
  1079 | D:2      | Reached skill level 1 in Evocations
  1079 | D:2      | Reached XP level 4. HP: 35/41 MP: 5/5
  1104 | D:2      | XOM: silly message
  1613 | D:2      | Found a shadowy altar of Dithmenos.
  1613 | D:2      | Found a blossoming altar of Fedhas.
  1655 | D:3      | XOM: stealth player
  1682 | D:3      | XOM: 2-stop teleportation journey
  1752 | D:3      | Reached skill level 1 in Conjurations
  1752 | D:3      | Reached skill level 1 in Hexes
  1752 | D:3      | Reached skill level 1 in Summonings
  1752 | D:3      | Reached skill level 1 in Necromancy
  1752 | D:3      | Reached skill level 1 in Translocations
  1752 | D:3      | Reached skill level 1 in Transmutations
  1752 | D:3      | Reached skill level 1 in Fire Magic
  1752 | D:3      | Reached skill level 1 in Ice Magic
  1752 | D:3      | Reached skill level 1 in Air Magic
  1752 | D:3      | Reached skill level 1 in Earth Magic
  1752 | D:3      | Reached skill level 1 in Poison Magic
  1794 | D:3      | XOM: silly message
  1989 | D:3      | XOM: smoke on damage
  1999 | D:2      | HP: 1/41 [orc priest/+0 mace (8)]
  2001 | D:2      | Killed from afar by an orc priest

Illustrated notes

Levels and vault maps discovered:
D:1:      dpeg_arrival_rhombi, layout_basic, minivault_24
D:2:      layout_loops_ring, gammafunk_temple_overflow_pools
D:3:      layout_basic, minmay_circle_x

Skill      XL: |  1  2  3  4 |
---------------+-------------+-----
Invocations    | 1 |  1.3
Short Blades   | 1 |  1.2
Long Blades    | 1 |  1.2
Axes           | 1 |  1.2
Polearms       | 1 |  1.2
Staves         | 1 |  1.2
Slings         | 1 |  1.2
Bows           | 1 |  1.2
Crossbows      | 1 |  1.2
Throwing       | 1 |  1.2
Stealth        | 1 |  1.2
Shields        | 1 |  1.2
Unarmed Combat | 1 |  1.2
Spellcasting   | 1 |  1.2
Evocations     | 1 |  1.2
Conjurations   | 1 |  1.0
Hexes          | 1 |  1.0
Summonings     | 1 |  1.0
Necromancy     | 1 |  1.0
Translocations | 1 |  1.0
Transmutations | 1 |  1.0
Fire Magic     | 1 |  1.0
Ice Magic      | 1 |  1.0
Air Magic      | 1 |  1.0
Earth Magic    | 1 |  1.0
Poison Magic   | 1 |  1.0
Fighting       | |  6.6
Maces & Flails | |  6.6
Armour         | |  4.6
Dodging        | |  2.8

Action                   |  1- 3 |  4- 6 || total
-------------------------+-------+-------++-------
Melee: Mace              |    57 |    59 ||   116
       Bite              |     3 |     3 ||     6
  Use: Scroll            |       |     3 ||     3
       Potion            |       |     3 ||     3
 Stab: Sleeping          |     2 |     1 ||     3
Armor: Leather armour    |    19 |     9 ||    28
       Robe              |       |     1 ||     1
Dodge: Dodged            |    32 |    41 ||    73

Table legend: (Time is in decaauts)
 A = Elapsed time spent in this place.
 B = Non-inter-level travel time spent in this place.
 C = Inter-level travel time spent in this place.
 D = Time resting spent in this place.
 E = Time spent auto-exploring this place.
 F = Levels seen in this place.
 G = Mean time per level.
                   A        B        C        D        E       F      G
               +--------+--------+--------+--------+--------+-----+--------+
         Total |   2010 |   1986 |     24 |    636 |   1051 |   3 |  670.0 |
       Dungeon |   2010 |   1986 |     24 |    636 |   1051 |   3 |  670.0 |
               +--------+--------+--------+--------+--------+-----+--------+

Top non-repeatable levels by time:
     D:2: 1616 daAuts
     D:3: 256 daAuts
     D:1: 137 daAuts
